Map: Orbital Shipyard

Players

Lynx

  • Race: Terran Terran
  • League: Grandmaster

Javert - Winner!

  • Race: Zerg Zerg
  • League: Platinum

VOD

Have the link to the VOD?

Description

Time

  • Played on: Aug. 22, 2015, 8:19 p.m.
  • Length: 14:33
Show
View Real Time Build Order
Export as new Build Order

Lynx Terran 

Build Orders: MMM Bio 

Get SALT Encoding   

  12  0:01  SCV  
  13  0:13  SCV  
  14  0:18  Supply Depot  
  14  0:25  SCV  
  15  0:41  Barracks  
  15  0:42  SCV  
  16  0:54  SCV  
  17  1:07  SCV  
  18  1:15  Command Center  
  18  1:22  SCV  
  19  1:28  Marine  
  20  1:34  SCV  
  20  1:37  Barracks  
  21  1:46  Supply Depot  
  21  1:47  Marine  
  21  1:51  SCV  
  23  1:57  Barracks  
  23  2:08  Marine  
  24  2:10  Refinery  
  24  2:13  Refinery  
  24  2:15  Orbital Command  
  24  2:21  Refinery  
  24  2:25  Marine  
  24  2:28  Refinery  
  25  2:35  Orbital Command  
  25  2:42  SCV, Marine  
  27  2:48  Marine  
  27  2:49  Marine  
  29  2:54  SCV  
  30  3:01  SCV  
  31  3:06  SCV  
  31  3:09  Barracks Tech Lab x2  
  31  3:12  Barracks Reactor  
  32  3:13  SCV  
  32  3:18  Refinery  
  33  3:22  SCV  
  34  3:32  Marine x2  
  34  3:33  Combat Shields  
  36  3:36  SCV  
  38  3:41  SCV  
  38  3:48  SCV, Marine x2  
  39  3:50  Marine  
  38  4:07  Marine x3  
  40  4:17  SCV  
  40  4:19  SCV  
  42  4:29  SCV  
  42  4:30  Stimpack  
  43  4:34  Factory  
  43  4:39  SCV  
  44  4:46  Marine x3  
  44  4:51  SCV  
  48  4:56  Marine  
  49  5:04  Marine  
  50  5:08  SCV  
  50  5:10  Marine x2  
  50  5:12  SCV  
  54  5:14  Marine  
  54  5:19  Starport  
  54  5:20  Factory Reactor  
  55  5:22  Marine  
  55  5:24  SCV  
  57  5:32  Supply Depot  
  57  5:36  Supply Depot, Marine  
  57  5:39  Marine  
  57  5:41  Marine  
  60  5:53  Marine  
  61  6:04  SCV  
  61  6:05  SCV  
  61  6:06  Engineering Bay x2  
  61  6:08  Factory Reactor, Medivac  
  65  6:11  Marine  
  65  6:13  Marine  
  65  6:16  SCV  
  68  6:27  Medivac  
  68  6:31  SCV  
  71  6:33  SCV  
  71  6:37  Terran Infantry Weapons Level 1  
  71  6:38  Medivac  
  74  6:47  Terran Infantry Armor Level 1  
  74  6:51  Marine x2  
  74  6:52  Marine x2  
  78  6:57  SCV, Medivac  
  78  6:58  SCV  
  82  7:04  Widow Mine  
  61  7:08  Medivac  
  84  7:09  SCV, Marine x2  
  84  7:15  Marine x2  
  91  7:23  SCV  
  91  7:24  Supply Depot  
  91  7:26  Supply Depot  
  91  7:27  Marine x2  
  94  7:42  Marine x2  
  88  7:45  Marine  
  88  7:50  Marine  
  67  7:51  Medivac x2  
  80  7:52  SCV  
  80  7:58  Armory  
  78  8:00  Marine x2  
  78  8:03  Marine  
  79  8:07  Widow Mine x2  
  79  8:08  Reaper  
  79  8:12  SCV  
  85  8:17  Marine  
  85  8:18  Marauder  
  76  8:20  Marine  
  76  8:26  Medivac  
  74  8:30  SCV  
  75  8:35  Marine, Widow Mine x2  
  75  8:38  Reaper  
  75  8:39  Marine, Marauder  
  79  8:53  Marine  
  70  8:58  Reaper  
  70  9:00  Marine  
  65  9:02  Medivac  
  65  9:03  Medivac  
  65  9:04  Widow Mine  
  71  9:11  Reaper, Marine  
  72  9:18  Marine  
  66  9:29  Marine x2  
  64  9:32  Medivac  
  64  9:34  Supply Depot  
  64  9:36  Marine  
  65  9:42  SCV, Marine  
  66  9:47  Marine x2  
  66  9:49  SCV  
  69  9:52  Command Center  
  69  9:54  SCV, Marine  
  71  10:00  Marine  
  71  10:04  Marine  
  71  10:05  Marine  
  74  10:07  Widow Mine  
  74  10:11  SCV, Marine  
  78  10:18  Marine  
  78  10:19  Widow Mine  
  81  10:22  Marine  
  81  10:23  Marine  
  83  10:32  Marine  
  83  10:33  Medivac  
  86  10:36  Marine  
  86  10:48  Marine x2  
  86  10:49  Marine, Medivac  
  86  11:07  Marine  
  87  11:16  Marine  
  88  11:22  Marine  
  88  11:23  Marine  
  88  11:25  Marine  
  84  11:30  Medivac x2  
  88  11:33  Marine  
  88  11:38  Starport  
  89  11:41  Starport  
  89  11:45  SCV x2, Starport  
  91  11:47  SCV  
  91  11:48  Marine x3  
  91  11:51  Marine  
  91  11:53  Missile Turret  
  96  11:55  Missile Turret  
  96  11:56  Refinery, Missile Turret  
  96  11:58  Refinery  
  96  12:06  Reaper, Marauder  
  99  12:13  Planetary Fortress  
  100  12:15  SCV x2  
  101  12:27  SCV, Starport Tech Lab  
  101  12:28  Missile Turret, Starport Tech Lab x2  
  101  12:29  Command Center  
  102  12:32  Armory  
  102  12:33  Missile Turret x2  
  102  12:36  Missile Turret  
  102  12:40  Missile Turret  
  102  12:43  SCV  
  102  12:44  Liberator  
  103  12:47  Missile Turret  
  103  12:56  SCV  
  103  12:57  SCV  
  105  12:59  Viking  
  105  13:05  SCV  
  102  13:08  SCV, Refinery  
  102  13:09  SCV  
Show
View Real Time Build Order
Export as new Build Order

Javert Zerg - Winner!

Build Orders: Hatch First 

Get SALT Encoding   

  12  0:01  Drone  
  13  0:14  Overlord  
  13  0:23  Drone  
  14  0:33  Drone x2  
  16  0:37  Drone  
  17  0:53  Hatchery  
  16  1:01  Drone x2  
  18  1:05  Extractor  
  18  1:09  Drone  
  18  1:18  Spawning Pool  
  17  1:20  Drone  
  18  1:31  Drone  
  19  1:41  Drone  
  20  1:51  Drone  
  21  2:03  Overlord  
  21  2:08  Queen x2  
  21  2:09  Metabolic Boost  
  21  2:11  Overlord  
  25  2:16  Zergling x4  
  27  2:25  Drone  
  27  2:28  Drone  
  29  2:41  Drone x2  
  31  2:52  Drone x2  
  33  3:02  Drone x2  
  33  3:04  Baneling Nest  
  34  3:16  Queen x2  
  34  3:17  Overlord  
  38  3:24  Drone x3  
  38  3:25  Drone x3  
  44  3:37  Drone x2, Extractor  
  45  3:55  Drone x6  
  51  3:59  Hatchery  
  48  4:28  Overlord  
  48  4:29  Lair  
  48  4:32  Overlord  
  48  4:34  Overlord x3  
  48  4:35  Extractor  
  48  4:36  Extractor  
  46  4:39  Hatchery  
  46  4:44  Overlord x2  
  46  4:52  Zergling x2  
  46  4:53  Zergling x12  
  52  5:06  Drone x2  
  54  5:17  Zergling x10  
  54  5:18  Zergling x4  
  61  5:26  Baneling  
  61  5:27  Baneling x13  
  61  5:28  Centrifical Hooks  
  61  5:30  Drone x3  
  64  5:36  Drone  
  64  5:37  Drone  
  66  5:45  Drone x3  
  69  5:52  Overlord  
  69  5:55  Drone  
  69  5:56  Drone x2  
  72  5:58  Drone x3  
  72  6:02  Drone x2  
  77  6:09  Drone  
  78  6:15  Drone x2  
  78  6:16  Drone x6  
  86  6:27  Evolution Chamber  
  86  6:28  Evolution Chamber  
  86  6:31  Drone x4  
  88  6:37  Overlord x2  
  88  6:38  Overlord  
  88  6:39  Extractor  
  87  6:41  Extractor  
  87  6:43  Drone  
  87  6:44  Drone x3, Spine Crawler  
  87  6:45  Spine Crawler  
  88  6:49  Spine Crawler  
  88  6:50  Spore Crawler, Overlord  
  86  6:57  Zerg Ground Armor Level 1, Zerg Melee Weapons Level 1  
  86  7:00  Zergling x2  
  86  7:01  Zergling x16  
  95  7:07  Spore Crawler  
  94  7:09  Spine Crawler  
  93  7:17  Drone x7, Spine Crawler  
  93  7:18  Spore Crawler  
  98  7:27  Drone x4  
  98  7:28  Drone x4, Spine Crawler  
  104  7:40  Drone x3  
  104  7:41  Overlord x2  
  104  7:43  Overlord x2  
  105  7:57  Drone  
  105  7:58  Drone x6  
  112  8:02  Infestation Pit  
  112  8:04  Overlord x2  
  111  8:23  Overlord  
  111  8:31  Overlord x2  
  111  8:38  Baneling x3  
  111  8:39  Baneling x17  
  110  8:44  Zergling x4  
  110  8:45  Zergling x28  
  107  9:10  Zergling x2  
  107  9:11  Zergling x14  
  114  9:18  Overlord x3  
  106  9:27  Overlord x2  
  106  9:28  Hive  
  102  9:41  Zerg Ground Armor Level 2, Zerg Melee Weapons Level 2  
  101  9:49  Overlord  
  101  9:54  Queen  
  101  9:59  Baneling x13  
  103  10:00  Baneling x10  
  103  10:02  Extractor  
  103  10:03  Hatchery  
  103  10:04  Extractor  
  100  10:13  Overlord, Spire  
  99  10:17  Zergling x4  
  99  10:18  Zergling x22  
  112  10:27  Overseer x2  
  112  10:28  Overseer x2  
  112  10:34  Spine Crawler, Overseer  
  111  10:35  Spore Crawler  
  111  10:37  Spine Crawler x2  
  104  10:49  Overlord x2  
  100  10:59  Overlord x2  
  98  11:07  Ultralisk Cavern  
  98  11:11  Pneumatized Carapace  
  97  11:19  Adrenal Glands  
  95  11:46  Spine Crawler  
  94  11:49  Spine Crawler  
  94  11:50  Spore Crawler  
  92  11:54  Chitinous Plating  
  92  11:56  Ultralisk x9  
  146  12:07  Overlord  
  146  12:09  Hatchery  
  146  12:10  Extractor  
  146  12:11  Extractor  
  143  12:24  Mutalisk x3  
  143  12:25  Mutalisk  
  151  12:39  Spore Crawler  
  151  12:40  Zergling x6  
  151  12:41  Zergling x18  
  162  13:00  Ultralisk  
  162  13:01  Ultralisk  
  174  13:06  Overlord  
  172  13:34  Ultralisk x3  
  172  13:39  Drone x3  
  172  13:40  Drone x3  
  172  14:24  Hatchery, Extractor  
Tags
 
Add a new tag
Caveats
  • Supply blocks, unpowered buildings, or Contaminate may cause inaccurate times.
  • Supply counts are checked every 10 seconds.